| TOP OF THE 1ST |
|
Chicago White Sox batting - Pitching for Detroit Tigers : RHP Matt Wiseman
|
|
Pitching: RHP Matt Wiseman
|
|
|
Batting: SHB Ozzie Smith
|
0-0: Called Strike 0-1: Foul Ball, location: 2F 0-2: Ball 1-2: Ground out 6-3 (Groundball, P, EV 86.9 MPH)
|
|
Batting: LHB Rudy Law
|
0-0: Called Strike 0-1: Fly out, F9 (Flyball, 9S, EV 82.5 MPH)
|
|
Batting: RHB Steve Henderson
|
0-0: Ball 1-0: Ball 2-0: SINGLE (Line Drive, 34D, EV 96.3 MPH)
|
|
Batting: LHB Mitchell Page
|
0-0: Called Strike 0-1: Ball 1-1: Ground out 4-3 (Groundball, 4, EV 86.9 MPH)
|
| Top of the 1st over - 0 runs, 1 hit, 0 errors, 1 left on base; Chicago 0 - Detroit 0 |
| BOTTOM OF THE 1ST |
|
Detroit Tigers batting - Pitching for Chicago White Sox : RHP Ray Corbin
|
|
Pitching: RHP Ray Corbin
|
|
|
Batting: SHB Lee Mazzilli
|
0-0: Ground out 6-3 (Groundball, 56, EV 86.3 MPH)
|
|
Batting: RHB Rusty Tillman
|
0-0: Called Strike 0-1: Ball 1-1: Swinging Strike 1-2: Ball 2-2: Strikes out swinging
|
|
Batting: SHB Tony Phillips
|
0-0: Called Strike 0-1: Ball 1-1: Fly out, F7 (Flyball, 7LS, EV 76.3 MPH)
|
| Bottom of the 1st over - 0 runs, 0 hits, 0 errors, 0 left on base; Chicago 0 - Detroit 0 |
| TOP OF THE 2ND |
|
Chicago White Sox batting - Pitching for Detroit Tigers : RHP Matt Wiseman
|
|
Batting: SHB Dwayne Taggart
|
0-0: Ball 1-0: Called Strike 1-1: Ground out 6-3 (Groundball, 6, EV 82.5 MPH)
|
|
Batting: RHB Tim Teufel
|
0-0: Ball 1-0: Ground out 5-3 (Groundball, 56, EV 100.6 MPH)
|
|
Batting: RHB Jose Castro
|
0-0: Ball 1-0: Fly out, F4 (Popup, 23, EV 78.8 MPH)
|
| Top of the 2nd over - 0 runs, 0 hits, 0 errors, 0 left on base; Chicago 0 - Detroit 0 |
| BOTTOM OF THE 2ND |
|
Detroit Tigers batting - Pitching for Chicago White Sox : RHP Ray Corbin
|
|
Batting: RHB Dave Kingman
|
0-0: Called Strike 0-1: Ball 1-1: Fly out, F1 (Line Drive, P, EV 65.6 MPH)
|
|
Batting: RHB Andre Thornton
|
0-0: Ball 1-0: Called Strike 1-1: Fly out, F7 (Flyball, 78M, EV 74.4 MPH)
|
|
Batting: RHB Larry Parrish
|
0-0: Ball 1-0: Fly out, F8 (Flyball, 8RXD, EV 107.5 MPH)
|
| Bottom of the 2nd over - 0 runs, 0 hits, 0 errors, 0 left on base; Chicago 0 - Detroit 0 |
| TOP OF THE 3RD |
|
Chicago White Sox batting - Pitching for Detroit Tigers : RHP Matt Wiseman
|
|
Batting: LHB Ryan MacFarland
|
0-0: Ball 1-0: Called Strike 1-1: Foul Ball, location: 2F 1-2: Ball 2-2: Ball 3-2: Base on Balls
|
|
Batting: RHB Brian Harper
|
0-0: Fly out, F7 (Flyball, 7LS, EV 75.0 MPH)
|
|
Batting: SHB Ozzie Smith
|
0-0: Foul Ball, location: 2F Pickoff Throw to First - Out! 1-3 0-1: Ground out 4-3 (Groundball, 4, EV 85.0 MPH)
|
| Top of the 3rd over - 0 runs, 0 hits, 0 errors, 0 left on base; Chicago 0 - Detroit 0 |
| BOTTOM OF THE 3RD |
|
Detroit Tigers batting - Pitching for Chicago White Sox : RHP Ray Corbin
|
|
Batting: LHB Larry Harlow
|
0-0: Ball 1-0: Called Strike 1-1: Ball 2-1: SINGLE (Groundball, 34S, EV 64.4 MPH) (infield hit)
|
|
Batting: LHB Dan Graham
|
0-0: Ball 1-0: Foul Ball, location: 2F 1-1: Swinging Strike 1-2: Strikes out swinging Larry Harlow steals 2nd base Batter strikes out.
|
|
Batting: RHB Mike Sproles
|
0-0: Ball 1-0: Swinging Strike 1-1: Fly out, F8 (Line Drive, 8RD, EV 85.6 MPH) Runner from 2nd tags up, SAFE at 3rd with throw by CF
|
|
Batting: SHB Lee Mazzilli
|
0-0: Foul Ball, location: 2F 0-1: Ball 1-1: Ball 2-1: Fly out, F7 (Flyball, 7LS, EV 98.8 MPH)
|
| Bottom of the 3rd over - 0 runs, 1 hit, 0 errors, 1 left on base; Chicago 0 - Detroit 0 |
| TOP OF THE 4TH |
|
Chicago White Sox batting - Pitching for Detroit Tigers : RHP Matt Wiseman
|
|
Batting: LHB Rudy Law
|
0-0: Foul Ball, location: 2F 0-1: Foul Ball, location: 2F 0-2: Ball 1-2: Ground out 6-3 (Groundball, 6, EV 110.0 MPH)
|
|
Batting: RHB Steve Henderson
|
0-0: Foul Ball, location: 2F 0-1: Ball 1-1: Ball 2-1: Ball 3-1: Ground out U3 (Groundball, 3S, EV 80.0 MPH)
|
|
Batting: LHB Mitchell Page
|
0-0: Ball 1-0: Ball 2-0: Foul Ball, location: 2F 2-1: Ball 3-1: SINGLE (Groundball, 6D, EV 103.8 MPH)
|
|
Batting: SHB Dwayne Taggart
|
0-0: Ball 1-0: Called Strike 1-1: Ball 2-1: Ball 3-1: Foul Ball, location: 2F 3-2: Ground out 6-3 (Groundball, 6, EV 83.8 MPH)
|
| Top of the 4th over - 0 runs, 1 hit, 0 errors, 1 left on base; Chicago 0 - Detroit 0 |
| BOTTOM OF THE 4TH |
|
Detroit Tigers batting - Pitching for Chicago White Sox : RHP Ray Corbin
|
|
Batting: RHB Rusty Tillman
|
0-0: Foul Ball, location: 2F 0-1: Ground out 4-3 (Groundball, 4S, EV 83.1 MPH)
|
|
Batting: SHB Tony Phillips
|
0-0: Swinging Strike 0-1: Foul Ball, location: 2F 0-2: Ball 1-2: Foul Ball, location: 2F 1-2: Ball 2-2: Ball 3-2: Foul Ball, location: 2F 3-2: Foul Ball, location: 2F 3-2: Foul Ball, location: 2F 3-2: Base on Balls
|
|
Batting: RHB Dave Kingman
|
0-0: Called Strike 0-1: Ball 1-1: Ball 2-1: Called Strike 2-2: Strikes out looking
|
|
Batting: RHB Andre Thornton
|
0-0: Ball Tony Phillips is caught stealing 2nd base 2-4
|
| Bottom of the 4th over - 0 runs, 0 hits, 0 errors, 0 left on base; Chicago 0 - Detroit 0 |
| TOP OF THE 5TH |
|
Chicago White Sox batting - Pitching for Detroit Tigers : RHP Matt Wiseman
|
|
Batting: RHB Tim Teufel
|
0-0: Foul Ball, location: 2F 0-1: Foul Ball, location: 2F 0-2: Ball 1-2: Strikes out swinging passed ball, reaches first!
|
|
Batting: RHB Jose Castro
|
0-0: Ball 1-0: Ball 2-0: Swinging Strike 2-1: Swinging Strike 2-2: Foul Ball, location: 2F 2-2: Foul Ball, location: 2F 2-2: Strikes out swinging
|
|
Batting: LHB Ryan MacFarland
|
0-0: Ball 1-0: Called Strike 1-1: Foul Ball, location: 2F 1-2: Foul Ball, location: 2F 1-2: Fly out, F8 (Flyball, 8LXD, EV 98.1 MPH)
|
|
Batting: RHB Brian Harper
|
0-0: Called Strike 0-1: Fly out, F3 (Popup, 34, EV 65.0 MPH)
|
| Top of the 5th over - 0 runs, 0 hits, 0 errors, 1 left on base; Chicago 0 - Detroit 0 |
| BOTTOM OF THE 5TH |
|
Detroit Tigers batting - Pitching for Chicago White Sox : RHP Ray Corbin
|
|
Batting: RHB Andre Thornton
|
0-0: Ball 1-0: Fly out, F7 (Flyball, 7LM, EV 80.0 MPH)
|
|
Batting: RHB Larry Parrish
|
0-0: Ball 1-0: Foul Ball, location: 2F 1-1: Ground out 6-3 (Groundball, 6, EV 77.5 MPH)
|
|
Batting: LHB Larry Harlow
|
0-0: Foul Ball, location: 2F 0-1: Ball 1-1: Fly out, F7 (Flyball, 7LM, EV 88.8 MPH)
|
| Bottom of the 5th over - 0 runs, 0 hits, 0 errors, 0 left on base; Chicago 0 - Detroit 0 |
| TOP OF THE 6TH |
|
Chicago White Sox batting - Pitching for Detroit Tigers : RHP Matt Wiseman
|
|
Batting: SHB Ozzie Smith
|
0-0: Called Strike 0-1: SINGLE (Groundball, 56D, EV 105.6 MPH)
|
|
Batting: LHB Rudy Law
|
0-0: Ball 1-0: Fly out, F2 (Popup, 2R, EV 89.4 MPH)
|
|
Batting: RHB Steve Henderson
|
Pickoff Throw to First - Error! E1 Ozzie Smith to second 0-0: Ball 1-0: Ball 2-0: Fly out, F8 (Flyball, 89D, EV 104.4 MPH) Runner from 2nd tags up, SAFE at 3rd, no throw by CF
|
|
Batting: LHB Mitchell Page
|
0-0: SINGLE (Groundball, 34D, EV 100.0 MPH) Ozzie Smith scores
|
|
Batting: SHB Dwayne Taggart
|
0-0: Called Strike 0-1: Fly out, F6 (Flyball, 6D, EV 95.0 MPH)
|
| Top of the 6th over - 1 run, 2 hits, 1 error, 1 left on base; Chicago 1 - Detroit 0 |
| BOTTOM OF THE 6TH |
|
Detroit Tigers batting - Pitching for Chicago White Sox : RHP Ray Corbin
|
|
Batting: LHB Dan Graham
|
0-0: Called Strike 0-1: DOUBLE (Flyball, 8RXD, EV 111.3 MPH)
|
|
Batting: RHB Mike Sproles
|
0-0: Ball 1-0: Called Strike 1-1: Reached on error, E3 (Groundball, 34S, EV 85.6 MPH) Dan Graham to third
|
|
Batting: SHB Lee Mazzilli
|
0-0: Reached on error, E1 (Groundball, 13S, EV 68.1 MPH) Dan Graham scores Mike Sproles to second
|
|
Batting: RHB Rusty Tillman
|
0-0: Ball 1-0: Called Strike 1-1: Fly out, F1 (Popup, P, EV 79.4 MPH)
|
|
Batting: SHB Tony Phillips
|
0-0: Ball 1-0: Swinging Strike 1-1: Called Strike 1-2: Fly out, F7 (Flyball, 7LM, EV 91.3 MPH)
|
|
Batting: RHB Dave Kingman
|
0-0: Swinging Strike 0-1: Fly out, F3 (Popup, 3F, EV 81.3 MPH)
|
| Bottom of the 6th over - 1 run, 1 hit, 2 errors, 2 left on base; Chicago 1 - Detroit 1 |
| TOP OF THE 7TH |
|
Chicago White Sox batting - Pitching for Detroit Tigers : RHP Matt Wiseman
|
|
Batting: RHB Tim Teufel
|
0-0: Ball 1-0: Called Strike 1-1: Ball 2-1: SINGLE (Groundball, 6MD, EV 100.6 MPH)
|
|
Batting: RHB Jose Castro
|
0-0: Called Strike 0-1: Called Strike 0-2: Ball 1-2: Ball 2-2: Strikes out swinging
|
|
Batting: LHB Ryan MacFarland
|
0-0: Ball 1-0: Called Strike 1-1: Ball 2-1: Swinging Strike 2-2: Ground out 6-3 (Groundball, 4MD, EV 102.5 MPH) Tim Teufel to second
|
|
Batting: RHB Brian Harper
|
0-0: Called Strike 0-1: Called Strike 0-2: Ground out 6-3 (Groundball, 56, EV 83.8 MPH)
|
| Top of the 7th over - 0 runs, 1 hit, 0 errors, 1 left on base; Chicago 1 - Detroit 1 |
| BOTTOM OF THE 7TH |
|
Detroit Tigers batting - Pitching for Chicago White Sox : RHP Ray Corbin
|
|
Batting: RHB Andre Thornton
|
0-0: Ball 1-0: Ball 2-0: Called Strike 2-1: Fly out, F6 (Line Drive, 6, EV 66.3 MPH)
|
|
Batting: RHB Larry Parrish
|
0-0: Called Strike 0-1: Swinging Strike 0-2: Ball 1-2: Fly out, F8 (Flyball, 89D, EV 108.8 MPH)
|
|
Batting: LHB Larry Harlow
|
0-0: Called Strike 0-1: Ball 1-1: Ball 2-1: SINGLE (Groundball, P, EV 79.4 MPH) (infield hit)
|
|
Batting: LHB Dan Graham
|
0-0: Called Strike Larry Harlow steals 2nd base 0-1: Fly out, F6 (Popup, 6M, EV 74.4 MPH)
|
| Bottom of the 7th over - 0 runs, 1 hit, 0 errors, 1 left on base; Chicago 1 - Detroit 1 |
| TOP OF THE 8TH |
|
Chicago White Sox batting - Pitching for Detroit Tigers : RHP Matt Wiseman
|
|
Batting: SHB Ozzie Smith
|
0-0: Ball 1-0: Ground out 3-1 (Groundball, 34, EV 107.5 MPH)
|
|
Batting: LHB Rudy Law
|
0-0: Ball 1-0: Called Strike 1-1: Ball 2-1: Fly out, F7 (Flyball, 7D, EV 95.0 MPH)
|
|
Batting: RHB Steve Henderson
|
0-0: Called Strike 0-1: Ball 1-1: Ball 2-1: Swinging Strike 2-2: Hit by Pitch
|
|
Batting: LHB Mitchell Page
|
0-0: Ball Steve Henderson is caught stealing 2nd base 2-6
|
| Top of the 8th over - 0 runs, 0 hits, 0 errors, 0 left on base; Chicago 1 - Detroit 1 |
| BOTTOM OF THE 8TH |
|
Detroit Tigers batting - Pitching for Chicago White Sox : RHP Ray Corbin
|
|
Batting: RHB Mike Sproles
|
0-0: Ball 1-0: Called Strike 1-1: Called Strike 1-2: Foul Ball, location: 2F 1-2: Ground out 1-3 (Groundball, 34S, EV 66.9 MPH)
|
|
Batting: SHB Lee Mazzilli
|
0-0: Ball 1-0: Called Strike 1-1: Ball 2-1: Ball 3-1: Base on Balls
|
|
Batting: RHB Rusty Tillman
|
0-0: Ball 1-0: Swinging Strike 1-1: Ball 2-1: Foul Ball, location: 2F 2-2: Foul Ball, location: 2F 2-2: Strikes out swinging Lee Mazzilli is caught stealing 2nd base 2-4 Batter strikes out.
|
| Bottom of the 8th over - 0 runs, 0 hits, 0 errors, 0 left on base; Chicago 1 - Detroit 1 |
| TOP OF THE 9TH |
|
Chicago White Sox batting - Pitching for Detroit Tigers : RHP Matt Wiseman
|
|
Batting: LHB Mitchell Page
|
0-0: Ground out 4-3 (Groundball, 4MD, EV 100.0 MPH)
|
|
Batting: SHB Dwayne Taggart
|
0-0: Ground out 6-3 (Groundball, 6, EV 92.5 MPH)
|
|
Batting: RHB Tim Teufel
|
0-0: Ball 1-0: Foul Ball, location: 2F 1-1: Foul Ball, location: 2F 1-2: Foul Ball, location: 2F 1-2: DOUBLE (Line Drive, 7LS, EV 105.0 MPH)
|
|
Batting: RHB Jose Castro
|
0-0: Ball 1-0: Fly out, F9 (Flyball, 89D, EV 100.0 MPH)
|
| Top of the 9th over - 0 runs, 1 hit, 0 errors, 1 left on base; Chicago 1 - Detroit 1 |
| BOTTOM OF THE 9TH |
|
Detroit Tigers batting - Pitching for Chicago White Sox : RHP Ray Corbin
|
|
Batting: SHB Tony Phillips
|
0-0: Ball 1-0: Foul Ball, location: 2F 1-1: Foul Ball, location: 2F 1-2: Foul Ball, location: 2F 1-2: Ball 2-2: Ball 3-2: SINGLE (Groundball, 4MS, EV 63.1 MPH) (infield hit)
|
|
Batting: LHB Greg Brock
|
0-0: Ball 1-0: Swinging Strike 1-1: Ball 2-1: Ball Tony Phillips steals 2nd base 3-1: Intentional Walk
|
|
Batting: RHB Andre Thornton
|
0-0: Fielders Choice at 2nd, 5-4 (Groundball, 56, EV 89.4 MPH) Tony Phillips to third
|
|
Batting: RHB Larry Parrish
|
0-0: Swinging Strike 0-1: Hit by Pitch Andre Thornton to second
|
|
Batting: LHB Larry Harlow
|
0-0: Called Strike 0-1: Ball 1-1: Ball 2-1: Foul Ball, location: 2F 2-2: Ball 3-2: Fly out, F6 (Popup, 6M, EV 58.8 MPH)
|
|
Batting: LHB Dan Graham
|
0-0: Ball 1-0: Called Strike 1-1: Fly out, F4 (Flyball, 4MD, EV 84.4 MPH)
|
| Bottom of the 9th over - 0 runs, 1 hit, 0 errors, 3 left on base; Chicago 1 - Detroit 1 |
| TOP OF THE 10TH |
|
Chicago White Sox batting - Pitching for Detroit Tigers : RHP Matt Wiseman
|
|
Batting: LHB Ryan MacFarland
|
0-0: Ball 1-0: Fly out, F9 (Flyball, 9S, EV 93.1 MPH)
|
|
Batting: RHB Brian Harper
|
0-0: Ball 1-0: Ball 2-0: Swinging Strike 2-1: Ground out 6-3 (Groundball, 6MD, EV 103.8 MPH)
|
|
Batting: SHB Ozzie Smith
|
0-0: SINGLE (Line Drive, 3D, EV 99.4 MPH)
|
|
Pitching: LHP Mark Fisher
|
|
|
Batting: LHB Rudy Law
|
0-0: Ball Ozzie Smith is caught stealing 2nd base 2-6
|
| Top of the 10th over - 0 runs, 1 hit, 0 errors, 0 left on base; Chicago 1 - Detroit 1 |
| BOTTOM OF THE 10TH |
|
Detroit Tigers batting - Pitching for Chicago White Sox : RHP Ray Corbin
|
|
Pitching: LHP Jim Goetz
|
|
|
Pinch Hitting: RHB Keith Moreland
|
0-0: Fly out, F9 (Flyball, 9D, EV 95.0 MPH)
|
|
Batting: SHB Lee Mazzilli
|
0-0: Ball 1-0: Fly out, F9 (Flyball, 9LM, EV 91.3 MPH)
|
|
Batting: RHB Rusty Tillman
|
0-0: Ball 1-0: Called Strike 1-1: Ball 2-1: Ball 3-1: Ground out 5-3 (Groundball, 5L, EV 90.0 MPH)
|
| Bottom of the 10th over - 0 runs, 0 hits, 0 errors, 0 left on base; Chicago 1 - Detroit 1 |
| TOP OF THE 11TH |
|
Chicago White Sox batting - Pitching for Detroit Tigers : LHP Mark Fisher
|
|
Now at 2B: Jose Hidalgo
|
|
|
Batting: LHB Rudy Law
|
0-0: Foul Ball, location: 2F 0-1: Ball 1-1: Ground out 4-3 (Groundball, 4, EV 102.5 MPH)
|
|
Batting: RHB Steve Henderson
|
0-0: Called Strike 0-1: Ball 1-1: Called Strike 1-2: Ball 2-2: Foul Ball, location: 2F 2-2: Ball 3-2: Foul Ball, location: 2F 3-2: Base on Balls
|
|
Batting: LHB Mitchell Page
|
0-0: Called Strike Steve Henderson steals 2nd base 0-1: Foul Ball, location: 2F 0-2: Strikes out swinging
|
|
Batting: SHB Dwayne Taggart
|
0-0: SINGLE (Groundball, 6M, EV 81.3 MPH) (infield hit) Steve Henderson to third
|
|
Batting: RHB Tim Teufel
|
0-0: Ball 1-0: Ball 2-0: Called Strike 2-1: Ball 3-1: Called Strike 3-2: Fly out, F9 (Flyball, 9, EV 98.8 MPH)
|
| Top of the 11th over - 0 runs, 1 hit, 0 errors, 2 left on base; Chicago 1 - Detroit 1 |
| BOTTOM OF THE 11TH |
|
Detroit Tigers batting - Pitching for Chicago White Sox : LHP Jim Goetz
|
|
Batting: SHB Tony Phillips
|
0-0: Called Strike 0-1: Swinging Strike 0-2: Ball 1-2: Ball 2-2: Foul Ball, location: 2F 2-2: Strikes out swinging
|
|
Batting: LHB Greg Brock
|
0-0: Foul Ball, location: 2F 0-1: SOLO HOME RUN (Flyball, 89XD, EV 103.1 MPH), Distance : 432 ft
|
| Bottom of the 11th over - 1 run, 1 hit, 0 errors, 0 left on base; Chicago 1 - Detroit 2 |
|